Map: King's Cove LE

Players

FightingFrog

  • Race: Protoss Protoss
  • League: Master
  • Spawn Location: 11:00

A.I. 1 (Very Easy) - Winner!

  • Race: Zerg Zerg
  • Spawn Location: 5:00

VOD

Have the link to the VOD?

Description

Time

  • Played on: Feb. 1, 2019, 9:31 a.m.
  • Length: 8:53
Show
View Real Time Build Order
Export as new Build Order

FightingFrog Protoss 

Build Orders: Nexus First, Phoenix Opening, Zealot Archon, Colossus Rush 

Get SALT Encoding   

  12  0:01  Probe  
  13  0:13  Probe  
  14  0:18  Pylon  
  14  0:25  Probe  
  15  0:33  Probe  
  15  0:41  Probe  
  17  0:51  Probe  
  18  1:02  Nexus  
  18  1:05  Probe  
  19  1:16  Gateway  
  19  1:18  Probe  
  19  1:25  Assimilator  
  20  1:30  Probe  
  20  1:32  Assimilator  
  21  1:37  Pylon  
  21  1:42  Probe  
  22  1:50  Probe, Gateway  
  23  1:58  Probe  
  23  2:05  Cybernetics Core  
  24  2:10  Probe  
  24  2:12  Probe  
  26  2:17  Zealot  
  26  2:21  Probe  
  26  2:22  Probe  
  29  2:29  Probe  
  30  2:30  Warp Gate  
  30  2:31  Adept  
  30  2:34  Probe  
  32  2:44  Adept, Probe  
  36  2:46  Probe  
  38  2:52  Robotics Facility  
  38  2:56  Probe  
  39  2:58  Probe  
  39  2:59  Assimilator  
  40  3:08  Probe  
  40  3:11  Probe  
  42  3:13  Pylon  
  42  3:17  Probe  
  42  3:18  Assimilator  
  42  3:19  Sentry  
  44  3:23  Probe  
  46  3:27  Probe  
  46  3:28  Pylon  
  47  3:35  Probe, Zealot  
  47  3:38  Probe  
  51  3:46  Protoss Ground Weapons Level 1, Immortal  
  51  3:47  Probe  
  56  3:49  Forge  
  56  3:50  Probe  
  56  3:54  Phoenix  
  57  3:59  Probe  
  57  4:02  Probe  
  59  4:07  Nexus  
  59  4:09  Pylon  
  59  4:14  Probe  
  59  4:15  Pylon  
  60  4:17  Warp Prism  
  60  4:20  Probe  
  61  4:26  Probe  
  64  4:34  Robotics Bay  
  64  4:35  Probe  
  64  4:38  Sentry x2  
  69  4:39  Probe  
  66  4:47  Probe  
  66  4:51  Probe  
  68  4:53  Observer  
  68  4:55  Pylon  
  68  4:59  Probe  
  70  5:01  Sentry x2  
  70  5:04  Probe  
  75  5:07  Pylon, Protoss Ground Weapons Level 2  
  75  5:10  Colossus  
  75  5:11  Probe, Twilight Council  
  76  5:16  Probe  
  83  5:22  Probe  
  83  5:23  Probe  
  83  5:28  Probe  
  86  5:30  Assimilator  
  86  5:32  Pylon  
  86  5:33  Assimilator  
  86  5:34  Probe  
  87  5:35  Probe  
  87  5:40  Probe  
  89  5:44  Gateway x2  
  89  5:46  Probe, Gateway  
  90  5:51  Charge, Templar Archives  
  90  5:57  Probe  
  90  5:58  Probe  
  90  6:03  Probe  
  93  6:06  Shield Battery  
  93  6:10  Probe x2, Disruptor  
  98  6:12  Gateway  
  98  6:15  Gateway  
  98  6:18  Gateway  
  98  6:20  Probe  
  98  6:22  Probe x2  
  101  6:26  Pylon  
  101  6:31  High Templar  
  101  6:32  High Templar  
  105  6:33  Probe  
  105  6:34  Probe  
  105  6:38  Pylon, Warp Prism, Archon  
  107  6:41  Zealot x3  
  113  6:51  Probe x2  
  117  7:00  Nexus  
  117  7:01  Pylon  
  117  7:02  Pylon  
  117  7:03  High Templar x2  
  117  7:04  High Templar  
  117  7:05  Zealot, High Templar  
  127  7:11  Archon  
  127  7:13  Zealot x3  
  133  7:15  Archon  
  133  7:19  Pylon  
  133  7:20  Pylon  
  133  7:22  Pylon  
  133  7:27  Zealot  
  135  7:32  Probe x2  
  135  7:33  Probe  
  135  7:36  Shield Battery  
  138  7:37  High Templar x2  
  138  7:38  Zealot x5  
  138  7:42  Archon  
  152  7:50  Probe  
  152  7:51  Probe  
  154  7:54  Assimilator  
  154  7:55  Observer, Shield Battery  
  154  7:58  Probe  
  155  8:00  Assimilator  
  155  8:02  Pylon  
  155  8:03  Probe x2  
  158  8:06  Zealot x4, High Templar x2  
  158  8:08  Warp Prism  
  170  8:18  High Templar x2  
  170  8:19  Archon  
  176  8:21  Photon Cannon  
  176  8:25  Archon  
  176  8:26  Photon Cannon  
  176  8:30  Gateway  
  176  8:33  Probe  
  177  8:34  Gateway  
  177  8:36  Robotics Facility  
  177  8:43  Forge  
  177  8:44  Zealot x2, High Templar x2  
  177  8:45  Zealot  
  177  8:47  Zealot  
  177  8:48  Archon  
Show
View Real Time Build Order
Export as new Build Order

A.I. 1 (Very Easy) Zerg - Winner!

Build Orders: Pool First 

Get SALT Encoding   

  12  0:01  Drone  
  13  0:13  Overlord  
  13  0:18  Drone  
  14  0:37  Spawning Pool  
  14  0:39  Extractor  
  14  0:41  Drone  
  13  0:48  Drone  
  14  0:54  Overlord  
  14  1:25  Queen, Zergling x2  
  17  1:34  Roach Warren  
  17  1:37  Drone  
  17  1:41  Extractor  
  17  1:46  Drone  
  17  1:52  Zergling x2  
  18  2:05  Drone  
  19  2:12  Drone  
  20  2:18  Zergling x2  
  20  2:20  Drone  
  22  2:30  Overlord  
  22  2:36  Drone  
  23  2:43  Drone  
  24  2:45  Roach  
  24  2:50  Drone  
  27  7:10  Drone  
  27  7:11  Lair, Roach, Overlord  
  30  7:17  Hatchery  
  30  7:18  Drone  
  30  7:25  Drone  
  31  7:32  Drone  
  27  7:39  Drone  
  28  7:46  Drone  
  28  7:50  Roach  
  31  8:12  Overseer x2  
  31  8:28  Zergling x2  
  31  8:30  Drone  
  33  8:37  Drone  
  33  8:38  Extractor  
  33  8:39  Extractor  
Tags
 
Add a new tag
Caveats
  • Supply blocks, unpowered buildings, or Contaminate may cause inaccurate times.
  • Supply counts are checked every 10 seconds.